 Dungeon Crawl Stone Soup version 0.30.0-29-ga12c61a403 (webtiles) character file.

Game seed: 9231858400350495442

45 Graphine the Ducker (level 3, -1/42 HPs)
             Began as a Demonspawn Gladiator on June 24, 2023.
             Slain by a cerulean imp
             ... wielding a +3 spear
             ... summoned by Natasha
              (5 damage)
             ... on level 2 of the Dungeon.
             The game lasted 00:03:10 (1023 turns).

Graphine the Ducker (Demonspawn Gladiator)          Turns: 1023, Time: 00:03:11

Health: -1/42      AC:  5    Str: 13 (14) XL:     3   Next: 42%
Magic:  4/4        EV: 12    Int: 10 (11) God:
Gold:   65         SH:  0    Dex: 11 (14) Spells: 2/2 levels left

rFire   + . .        n - staff of fire
rCold   . . .        o - orb {*channel}
rNeg    . . .        b - +0 leather armour
rPois   .            q - +0 hat
rElec   .            (no cloak)
rCorr   .            (no gloves)
SInv    .            (no boots)
Will    .....        (no amulet) Stlth
                     (no ring)
HPRegen 0.27/turn    (no ring)
MPRegen 0.09/turn

%: channel magic (20%)
@: berserking, slowed
A: molten scales 1, powered by pain 1
a: no special abilities


You were on level 2 of the Dungeon.
You visited 1 branch of the dungeon, and saw 2 of its levels.

You collected 65 gold pieces.

Inventory:

Hand Weapons
 a - a +1 flail
Missiles
 d - 3 throwing nets (quivered)
 e - a javelin
Armour
 b - a +0 leather armour (worn)
 o - an orb of energy (worn)
 q - a +0 hat (worn)
Magical Staves
 n - a staff of fire (weapon)
Scrolls
 c - a scroll of butterflies {unknown}
 m - 2 scrolls of enchant weapon
Potions
 f - a potion of invisibility {unknown}
 g - a potion of degeneration
 h - a potion of might {unknown}
 i - a potion of berserk rage
 k - a potion of lignification {unknown}
 l - a potion of resistance {unknown}


   Skills:
 + Level 2.3 Fighting
 - Level 3.0 Maces & Flails
 - Level 1.7 Throwing
 + Level 3.0 Dodging
 + Level 0.2 Spellcasting
 * Level 0.5 Fire Magic
 * Level 2.1 Invocations
 * Level 0.3 Evocations


You had 2 spell levels left.
You didn't know any spells.
Your spell library contained the following spells:

 Spells                   Type           Power      Damage    Failure   Level
 Cigotuvi's Dreadful Rot  Necr/Pois/Air  0%         N/A       78%         2
 Ignite Poison            Fire/Tmut/Pois 0%         N/A       92%         3
 Freezing Cloud           Conj/Ice/Air   0%         6-21      100%        5


Dungeon Overview and Level Annotations

Branches:
Dungeon (2/15)

Altars:

Annotations:
D:2 Natasha


Innate Abilities, Weirdness & Mutations

You are partially covered in molten scales. (AC +2)
You sometimes gain a little power by taking damage.


Message History

Natasha is lightly wounded.
Natasha mumbles some strange words.
Unknown command.
Hit: n) staff of fire
Press: ? - help, Dir - move target, f/p - Natasha
Aim: Natasha (lightly wounded, about 44% to evade your staff of fire)
You closely miss Natasha.
Natasha is lightly wounded.
Natasha claws you. x2
The cerulean imp hits you but does no damage.
Hit: n) staff of fire
Press: ? - help, Dir - move target, f/p - Natasha
Aim: Natasha (lightly wounded, about 44% to evade your staff of fire)
You barely miss Natasha.
Natasha is lightly wounded.
Natasha claws you. The cerulean imp closely misses you.
Unknown command.
Hit: n) staff of fire
Press: ? - help, Dir - move target, f/p - Natasha
Aim: Natasha (lightly wounded, about 44% to evade your staff of fire)
You hit Natasha.
Natasha is heavily wounded.
Natasha claws you!
The cerulean imp hits you from afar with a +3 spear.
* * * LOW HITPOINT WARNING * * *
Natasha mumbles some strange words.
The cerulean imp hits you but does no damage.
It was a potion of degeneration.
There was something very wrong with that liquid.
You feel weakened.
You feel dopey.
You feel clumsy. Natasha misses you.
The cerulean imp hits you from afar with a +3 spear.
* * * LOW HITPOINT WARNING * * *
Natasha misses you.
It was a potion of berserk rage.
A red film seems to cover your vision as you go berserk!
You feel yourself moving faster!
You feel mighty! The cerulean imp completely misses you.
The cerulean imp hits you from afar with a +3 spear.
You die...

#### ... #.#
####.#### # #
#.......# .# ##
#[##.##.##.##.#####
..
#.......##.#..(...#
.#
####.##....@.......
.#
####.#####.#h#.##.#
.# #......# #..55.
.#####.##...#####.###
.......##.#...# .#
.#####.#.###..# ..
.......## #.# ..
.......# ... ..
.......# ###


You could see Natasha and 2 cerulean imps.

Vanquished Creatures
  An adder (D:2)
  4 bats
  An endoplasm (D:2)
  A giant cockroach (D:1)
  2 goblins (D:1)
  2 hobgoblins (D:2)
  7 jackals
  3 kobolds (D:1)
  2 quokkas (D:1)
  4 ball pythons
  A frilled lizard (D:1)
  4 rats (D:1)
32 creatures vanquished.

Notes
Turn   | Place    | Note
-------+----------+-------------------------------------------
     0 | D:1      | Graphine the Demonspawn Gladiator began the quest for the
                  | Orb.
     0 | D:1      | Reached XP level 1. HP: 16/16 MP: 1/1
    46 | D:1      | Reached skill level 1 in Invocations
    88 | D:1      | Gained mutation: You sometimes gain a little power by
                  | taking damage. [demonic ancestry]
    88 | D:1      | Reached XP level 2. HP: 21/22 MP: 2/2
   257 | D:1      | Found a faded altar of an unknown god.
   876 | D:2      | Gained mutation: You are partially covered in molten
                  | scales. (AC +2) [demonic ancestry]
   876 | D:2      | Reached XP level 3. HP: 13/28 MP: 4/4
  1015 | D:2      | Noticed Natasha
  1023 | D:2      | Slain by a cerulean imp

Illustrated notes

Levels and vault maps discovered:
D:1:      ldierk_walled_garden_2, layout_loops_cross,
          shapermc_ecumenical_altar_acropolis, minmay_cut_off
D:2:      layout_loops_cross, grunt_decor_arrowhead, uniq_natasha

Skill      XL: |  1  2  3 |
---------------+----------+-----
Invocations    | 1 2 |  2.1
Dodging        | 3 |  3.0
Maces & Flails | 3 |  3.0
Fighting       | |  2.3
Throwing       | |  1.7
Spellcasting   | |  0.2
Fire Magic     | |  0.5
Evocations     | |  0.3

Action                     || total
---------------------------++-------
  Melee: Flail             ||    54
         Staff             ||    61
    Use: Scroll            ||     4
         Potion            ||     2
 Armour: Leather armour    ||    48
  Dodge: Dodged            ||    99
